 Dungeon Crawl Stone Soup version 0.17-a0-2064-g265a032 (webtiles) character file.

14 derrpe the Magician (level 2, -1/17 HPs)
             Began as an Octopode Wizard on Oct 12, 2015.
             Slain by a hobgoblin
             ... wielding a +0 club
              (4 damage)
             ... on level 1 of the Dungeon.
             The game lasted 00:01:36 (490 turns).

derrpe the Magician (Octopode Wizard)                Turns: 490, Time: 00:01:36

Health: -1/17      AC:  1    Str:  3 (6)  XL:     2   Next: 41%
Magic:  0/6        EV: 12    Int: 20      God:
Gold:   16         SH:  0    Dex: 10      Spells: 1 memorised, 6 levels left

rFire  . . .     SeeInvis .     i - +0 dagger (venom)
rCold  . . .     Clarity  .     (no shield)
rNeg   . . .     SustAt   .     a - +0 hat
rPois  .         Gourm    .     (no amulet)
rElec  .         Spirit   .     (no ring)
rCorr  .         Warding  .     (no ring)
rMut   .         Stasis   .     (no ring)
MR     .....                    (no ring)
Stlth  +++.......               (no ring)
                                (no ring)
                                (no ring)
                                (no ring)

@: very slightly contaminated, not resistant to hostile enchantments, fairly
stealthy
A: almost no armour, amphibious, 8 rings, constrict 8, camouflage 1, gelatinous
body 1
a: no special abilities


You were on level 1 of the Dungeon.
You were not hungry.

You visited 1 branch of the dungeon, and saw 1 of its levels.

You collected 16 gold pieces.

Inventory:

Hand Weapons
 i - a +0 dagger of venom (weapon)
Armour
 a - a +0 hat (worn)
Scrolls
 d - a scroll of noise {unknown}
 e - 2 scrolls of identify {unknown}
Books
 b - a book of Minor Magic

   Spells                             Type                      Level
   a - Magic Dart                     Conjuration                  1
   b - Blink                          Translocation                2
   c - Call Imp                       Summoning                    2
   d - Repel Missiles                 Charms/Air                   2
   e - Slow                           Hexes                        2
   f - Conjure Flame                  Conjuration/Fire             3
   g - Mephitic Cloud                 Conjuration/Poison/Air       3
Comestibles
 c - 2 bread rations {@e1}


   Skills:
 - Level 2.0 Dodging
 - Level 2.6 Stealth
 - Level 3.0 Spellcasting
 + Level 2.3 Conjurations
   Level 1.0 Summonings
   Level 1.0 Translocations


You had 6 spell levels left.
You knew the following spells:

 Your Spells              Type           Power        Failure   Level  Hunger
a - Magic Dart            Conj           ##..         6%          1    None


Dungeon Overview and Level Annotations

Branches:
Dungeon (1/15)

Altars:


Innate Abilities, Weirdness & Mutations

You cannot wear most types of armour.
You are amphibious.
You can wear up to eight rings at the same time.
You can use your tentacles to constrict eight enemies at once.
Your skin changes colour to match your surroundings (Stealth).
Your rubbery body absorbs attacks (AC +1).


Message History

Casting: Magic Dart
Confirm with . or Enter, or press ? or * to list all spells.
You don't have enough magic to cast that spell.
You hit the jackal but do no damage.
The jackal is poisoned.
The jackal is severely wounded.
You constrict the jackal.
You kill the jackal!
The jackal barely misses you.
Casting: Magic Dart
Confirm with . or Enter, or press ? or * to list all spells.
You don't have enough magic to cast that spell.
You hit the jackal.
The jackal is poisoned.
You grab the jackal.
The jackal is severely wounded.
You constrict the jackal.
You kill the jackal!
You hit the hobgoblin but do no damage.
The hobgoblin is poisoned.
Your grab misses the hobgoblin. Your squeeze misses the hobgoblin.
The hobgoblin is heavily wounded.
The hobgoblin hits you with a club.
You die...

### #..# #...# ##
###########.(#####...#.# ...
.....................#.##.#
.............).......#....###
###.##################......
....# ####.#####.........##.
...#####.......###...........
#.## #.......#.###.......#
#.# #.#.##.....@gK....#.#
..####.#.###.#.######.##
#............#.# #...#
..###..#.......# #...# ..#
#..#..#..### #...# ###
#........# #...# #.##.##.##
#...# ........... #...#
...##.#.###. #.!...


You could see a hobgoblin and a kobold.

Vanquished Creatures
  A giant gecko (D:1)
  3 hobgoblins (D:1)
  2 jackals (D:1)
  A ball python (D:1)
  A giant newt (D:1)
  2 goblins (D:1)
  A kobold (D:1)
  A rat (D:1)
12 creatures vanquished.

Notes
Turn   | Place    | Note
--------------------------------------------------------------
     0 | D:1      | derrpe the Octopode Wizard began the quest for the Orb.
     0 | D:1      | Reached XP level 1. HP: 11/11 MP: 4/4
   280 | D:1      | Reached XP level 2. HP: 15/17 MP: 0/6
   490 | D:1      | Slain by a hobgoblin

Vault maps used:
D:1:      dpeg_arrival_boxes_within_box

Action                   || total
-------------------------++-------
Melee: Unarmed           ||     6
       Club              ||     4
       Dagger            ||     4
 Cast: Magic Dart        ||    29
  Use: Potion            ||     2
